AoeStats
← Hallo22062

Arabia

509186823Analyzed
3v3 RM · 5d ago on Sep 25, 2026· 40m 53s· 6 players
Game mode
Random Map
Map size
Normal (6 player)
Population
200
Speed
Normal
Resources
Standard
Victory
Conquest
Starting age
Dark Age
Ending age
Imperial Age
RankedLock teamsTeams togetherTeam positionsShared explorationLock speedFull tech treeHidden civsTurbo modeCheats
Victory
Defeat
🇧🇾 Khmer · Belarus
1440
+16
🇹🇼 Magyars · Taiwan
1406
+17
🇷🇺 Goths · Russia
1389
+18
🇩🇪 Mapuche · Germany
1471
-19
🇩🇪 Ethiopians · Germany
1417
-16
🇩🇪 Bulgarians · Germany
1399
-16
飛衫走奶
6:15 Loom
9:40 Feudal Age
11:16 Double-Bit Axe
11:59 Bloodlines
12:49 Bloodlines
14:57 Horse Collar
16:52 Wheelbarrow
22:53 Castle Age
21:57 Fletching
22:08 Padded Archer Armor
23:50 Bow Saw
23:54 Heavy Plow
24:49 Husbandry
24:10 Light Cavalry
24:47 Bodkin Arrow
29:16 Treadmill Crane
30:15 Ballistics
29:48 Gold Mining
29:49 Stone Mining
32:07 Leather Archer Armor
35:13 Hand Cart
37:43 Imperial Age
36:39 Scale Barding Armor
38:28 Chain Barding Armor
38:24 Corvinian Army
38:27 Bracer
39:19 Gold Shaft Mining
39:26 Parthian Tactics
39:48 Ring Archer Armor
40:07 Conscription
41:00 Two-Man Saw
41:37 Chemistry
andreymarchanka
6:54 Loom
9:18 Feudal Age
9:48 Double-Bit Axe
9:47 Horse Collar
18:01 Castle Age
19:02 Bow Saw
24:58 Town Watch
25:09 Light Cavalry
26:45 Wheelbarrow
32:52 Imperial Age
30:54 Gold Mining
30:55 Fletching
30:50 Crossbowman
32:09 Bodkin Arrow
32:16 Padded Archer Armor
33:10 Ballistics
33:45 Bracer
35:10 Leather Archer Armor
35:45 Arbalester
37:51 Chemistry
39:15 Hand Cart
40:28 Ring Archer Armor
41:24 Heavy Plow
JustHaveFun()
2:18 Loom
10:19 Feudal Age
10:22 Man-at-Arms
12:32 Double-Bit Axe
13:59 Town Watch
16:25 Fletching
18:37 Wheelbarrow
22:17 Castle Age
21:26 Padded Archer Armor
22:30 Elite Skirmisher
22:33 Crossbowman
23:23 Bodkin Arrow
24:31 Gold Mining
25:16 Horse Collar
32:34 Stone Mining
32:57 Bow Saw
33:04 Hand Cart
32:59 Heavy Plow
33:09 Scale Mail Armor
34:41 Chain Mail Armor
39:03 Forging
39:14 Squires
43:55 Imperial Age
Hallo22062
8:02 Loom
8:42 Loom
10:27 Feudal Age
14:57 Castle Age
13:27 Fletching
13:32 Double-Bit Axe
13:45 Fletching
17:30 Bow Saw
25:02 Ballistics
24:56 Horse Collar
25:33 Bodkin Arrow
25:41 Padded Archer Armor
27:55 Town Watch
28:46 Wheelbarrow
29:03 Leather Archer Armor
30:35 Heavy Plow
37:35 Imperial Age
37:45 Elite Bolas Rider
40:24 Malon
Dumbledalf I.
6:20 Loom
9:25 Feudal Age
10:21 Horse Collar
15:02 Double-Bit Axe
19:09 Bloodlines
24:24 Castle Age
22:33 Scale Barding Armor
22:39 Forging
22:43 Gold Mining
23:22 Town Watch
25:15 Bow Saw
26:21 Iron Casting
26:07 Chain Barding Armor
25:10 Light Cavalry
25:50 Husbandry
26:12 Heavy Plow
32:47 Wheelbarrow
36:33 Fletching
Domvee
6:16 Loom
9:08 Feudal Age
17:58 Fletching
21:34 Padded Archer Armor
30:28 Castle Age
30:36 Crossbowman
31:14 Bodkin Arrow
33:15 Leather Archer Armor
34:29 Ballistics
35:38 Town Watch
37:01 Wheelbarrow
Connection lost

Rejoining the realm…

Still unreachable

The connection could not be restored.

Session expired

The server has moved on; the page needs a fresh start.